 Dungeon Crawl Stone Soup version 0.20.1-1-g8b1a95d (webtiles) character file.

10976 Linguinho the Grappler (level 11, -10/102 HPs)
             Began as a Troll Hunter on Nov 13, 2017.
             Mangled by a five-headed hydra (13 damage)
             ... on level 1 of the Lair of Beasts.
             The game lasted 00:23:40 (9383 turns).

Linguinho the Grappler (Troll Hunter)               Turns: 9383, Time: 00:23:41

Health: -10/102    AC:  5    Str: 25    XL:     11   Next: 43%
Magic:  10/10      EV: 12    Int:  7    God:
Gold:   487        SH:  0    Dex: 10    Spells: 10/10 levels left

rFire    . . .     SeeInvis +     - Unarmed
rCold    . . .     Gourm    +   (no shield)
rNeg     . . .     Faith    .   b - +0 robe
rPois    .         Spirit   .   (helmet restricted)
rElec    .         Reflect  .   (no cloak)
rCorr    .         Harm     .   (gloves unavailable)
MR       .....                  (boots unavailable)
Stlth    ..........             (no amulet)
Regen    0.7/turn               w - ring of see invisible
MPRegen  0.2/turn               m - ring of loudness (curse)

@: about to teleport
A: unfitting armour, claws 3, fast metabolism 3, gourmand, regeneration 1,
shaggy fur 1, tough skin 2
a: no special abilities


You were on level 1 of the Lair of Beasts.
You were very full.

You visited 3 branches of the dungeon, and saw 11 of its levels.
You also visited: Sewer.

You collected 652 gold pieces.
You spent 165 gold pieces at shops.

Inventory:

Missiles
 c - 4 large rocks
 d - 2 throwing nets
 y - 2 tomahawks (quivered)
Armour
 b - a +0 robe (worn)
Jewellery
 m - a cursed ring of loudness (right claw)
 s - an uncursed ring of fire
 w - a ring of see invisible (left claw)
Wands
 E - a wand of polymorph (16/24)
 H - a wand of iceblast (8/15)
Scrolls
 a - 6 scrolls of teleportation
 e - 4 scrolls of remove curse
 i - 3 scrolls of magic mapping
 l - 6 scrolls of enchant armour
 q - 4 scrolls of enchant weapon {unknown}
 u - 2 scrolls of noise {unknown}
 A - a scroll of blinking {unknown}
 B - a scroll of random uselessness {unknown}
 C - a scroll of recharging
 F - 2 scrolls of immolation
 G - a scroll of amnesia {unknown}
 J - a scroll of fog {unknown}
Potions
 g - 6 potions of heal wounds
 k - 8 potions of curing
 n - 6 potions of flight
 o - 2 potions of mutation {unknown}
 r - 4 potions of lignification
 t - 4 potions of brilliance {unknown}
 v - 2 potions of agility {unknown}
 D - a potion of might {unknown}
 I - a potion of cancellation {unknown}
 K - a potion of ambrosia {unknown}
Books
 p - a book of Flames

   Spells                             Type                      Level
   a - Flame Tongue                   Conjuration/Fire             1
   b - Throw Flame                    Conjuration/Fire             2
   c - Conjure Flame                  Conjuration/Fire             3
   d - Inner Flame                    Hexes/Fire                   3
   e - Sticky Flame                   Conjuration/Fire             4
   f - Fireball                       Conjuration/Fire             5
Comestibles
 f - 10 bread rations
 h - 2 fruits
 x - 2 royal jellies
 z - 3 meat rations


   Skills:
 + Level 5.0 Fighting
 + Level 6.3 Throwing
 + Level 6.9 Dodging
 - Level 1.1 Stealth
 + Level 13.6 Unarmed Combat


You had 10 spell levels left.
You didn't know any spells.

Dungeon Overview and Level Annotations

Branches:
Dungeon (9/15)             Temple (1/1) D:7            Lair (1/6) D:9
    Orc (0/2) D:9

Altars:
Ashenzari
Cheibriados
Dithmenos
Elyvilon
Fedhas
Gozag
Hepliaklqana
Kikubaaqudgha
Makhleb
Nemelex Xobeh
Okawaru
Qazlal
Ru
Sif Muna
Trog
Uskayaw
Vehumet
Xom
Yredelemnul
Zin
The Shining One

Shops:
D:4 =


Innate Abilities, Weirdness & Mutations

You are too large for most types of armour.
You have claws for hands.
Your metabolism is lightning-fast.
You like to eat raw meat.
Your natural rate of healing is unusually fast.
You are covered in fur. (AC +1)
You have very tough skin. (AC +2)


Message History

You enter the shallow water.
Moving in this stuff is going to be slow.
The five-headed hydra completely misses you.
The five-headed hydra bites you. x2; The five-headed hydra bites you!
The five-headed hydra completely misses you.
As you read the scroll of teleportation, it crumbles to dust.
You feel strangely unstable. The five-headed hydra bites you.
The five-headed hydra misses you. The five-headed hydra bites you.
The five-headed hydra barely misses you.
The five-headed hydra bites you!
* * * LOW HITPOINT WARNING * * *
The five-headed hydra bites you.
* * * LOW HITPOINT WARNING * * *
The five-headed hydra bites you!
* * * LOW HITPOINT WARNING * * *
The five-headed hydra bites you but does no damage.
The five-headed hydra bites you!
* * * LOW HITPOINT WARNING * * *
The five-headed hydra bites you!
You die...

##........#######............##
##..###.P≈≈.#.##...........#.#
#### #.P≈PPP.P#..........#.##
##≈≈PPPPPP.........#### ##
#.P≈≈♣≈PP.........# ##.
#..≈P≈≈≈♣P.≈≈..#.## ###..
##..P≈P≈≈♣≈≈≈≈PP.# ##....
##.##≈≈DPP♣≈≈≈P≈P###.....
#....##.@P♣≈≈≈≈P≈##......
##...##.P≈PP♣♣≈≈≈P##......
#....##..PP♣≈≈≈≈P≈........
#.##.#.≈PP≈≈♣♣≈P≈P........
#.#≈.≈.P≈♣♣♣≈PP.P###....†.
#.≈P≈≈≈♣≈≈♣≈P..P## ##.....
#.P≈≈♣P≈PPP≈P....# #.....#
##PPP.PPPPP......# ######.
####............# #.


You could see a five-headed hydra.

Vanquished Creatures
  7 death yaks
  The ghost of Linguinho the Grappler, a novice TrMo (D:9)
  The ghost of Regeox the Cleaver, a novice HOFi of Okawaru (D:8)
  A spiny frog (Lair:1)
  A troll (D:9)
  Grinder (D:4)
  2 hippogriffs
  A spriggan (D:7)
  A hungry ghost (D:9)
  Duvessa (D:5)
  A water moccasin (Lair:1)
  A porcupine (Lair:1)
  3 orc warriors
  2 black bears
  An ice beast (D:7)
  A phantom (D:4)
  3 centaurs
  3 wolves (Lair:1)
  4 ogres
  2 crocodiles
  2 big kobolds (Sewer)
  3 bullfrogs
  Dowan (D:5)
  2 scorpions
  A wyvern skeleton (D:9)
  A killer bee (D:6)
  10 wights
  4 howler monkeys
  3 crimson imps
  A bullfrog zombie (D:7)
  5 hounds
  A quasit (D:5)
  2 bullfrog skeletons
  2 orc priests (D:4)
  2 centaur skeletons
  2 jellies
  A gnoll shaman (D:8)
  7 orc wizards
  5 worker ants
  A killer bee zombie (D:8)
  A howler monkey zombie (D:8)
  A worker ant zombie (D:5)
  3 gnolls (D:8)
  10 adders
  3 river rats (Sewer)
  A shadow imp (D:9)
  2 oozes
  2 adder zombies
  3 worms
  2 dart slugs
  A leopard gecko (D:7)
  24 orcs
  4 giant cockroaches
  6 goblins
  3 hobgoblins
  13 jackals
  20 kobolds
  7 quokkas
  5 ball pythons
  6 bats
  7 frilled lizards
  A jackal skeleton (D:9)
  2 leopard gecko skeletons (D:6)
  29 rats
250 creatures vanquished.

Vanquished Creatures (others)
  An orc (D:7)
  A bush (D:8)
2 creatures vanquished.

Grand Total: 252 creatures vanquished

Notes
Turn   | Place    | Note
-------+----------+-------------------------------------------
     0 | D:1      | Linguinho the Troll Hunter began the quest for the Orb.
     0 | D:1      | Reached XP level 1. HP: 19/19 MP: 0/0
   238 | D:1      | Reached XP level 2. HP: 27/27 MP: 1/1
   637 | D:2      | Found a bloodstained altar of Trog.
   782 | D:2      | Reached XP level 3. HP: 33/35 MP: 2/2
  1154 | D:2      | Found an iron altar of Okawaru.
  1154 | D:2      | Found a stormy altar of Qazlal.
  1196 | D:2      | Reached skill level 1 in Unarmed Combat
  1477 | D:2      | Reached XP level 4. HP: 29/42 MP: 3/3
  1932 | D:4      | Noticed an ogre
  1939 | D:4      | Killed an ogre
  1939 | D:4      | Reached skill level 2 in Unarmed Combat
  1939 | D:4      | Reached XP level 5. HP: 13/49 MP: 4/4
  1940 | D:4      | Noticed a phantom
  2049 | D:4      | Killed a phantom
  2049 | D:4      | Reached skill level 3 in Unarmed Combat
  2085 | D:4      | Found Zireich's Jewellery Shop.
  2090 | D:4      | Reached XP level 6. HP: 57/57 MP: 5/5
  2102 | D:4      | Bought an uncursed ring of see invisible for 165 gold pieces
  2133 | D:4      | Reached skill level 4 in Unarmed Combat
  2196 | D:4      | Reached skill level 1 in Stealth
  2469 | D:4      | Noticed Grinder
  2485 | D:4      | Killed Grinder
  2485 | D:4      | Reached skill level 5 in Unarmed Combat
  2485 | D:4      | Reached XP level 7. HP: 19/66 MP: 6/6
  2692 | D:4      | Reached skill level 6 in Unarmed Combat
  2790 | D:5      | Entered Level 5 of the Dungeon
  2835 | D:5      | Noticed Duvessa
  2837 | D:5      | Noticed Dowan
  2848 | D:5      | Killed Duvessa
  2850 | D:5      | Killed Dowan
  2913 | D:5      | Reached XP level 8. HP: 68/74 MP: 7/7
  3017 | D:5      | Found a white marble altar of Elyvilon.
  3017 | D:5      | Found a deep blue altar of Sif Muna.
  3191 | D:5      | Found a basalt altar of Yredelemnul.
  3484 | D:6      | Reached skill level 7 in Unarmed Combat
  3489 | D:6      | Found a glowing drain.
  3548 | D:6      | Found an ancient bone altar of Kikubaaqudgha.
  3606 | Sewer    | Entered a sewer
  3646 | Sewer    | Reached skill level 5 in Throwing
  4722 | D:6      | Reached skill level 8 in Unarmed Combat
  4966 | D:7      | Reached XP level 9. HP: 77/83 MP: 8/8
  5021 | D:7      | Found a staircase to the Ecumenical Temple.
  5031 | D:7      | Reached skill level 9 in Unarmed Combat
  5049 | D:7      | Found a shimmering altar of Xom.
  5111 | D:7      | Found a shattered altar of Ashenzari.
  5111 | D:7      | Found a sacrificial altar of Ru.
  5112 | D:7      | Found an opulent altar of Gozag.
  5174 | D:7      | Reached skill level 5 in Dodging
  5309 | D:7      | Found a snail-covered altar of Cheibriados.
  5501 | Temple   | Entered the Ecumenical Temple
  5814 | D:8      | Noticed Regeox's ghost (novice HOFi)
  6166 | D:8      | Reached skill level 10 in Unarmed Combat
  6279 | D:8      | Found a blossoming altar of Fedhas.
  7173 | D:8      | Killed Regeox's ghost
  7173 | D:8      | Reached XP level 10. HP: 35/92 MP: 9/9
  7325 | D:9      | Noticed a death yak
  7327 | D:9      | Noticed a death yak
  7329 | D:9      | Noticed a death yak
  7329 | D:9      | Noticed a death yak
  7332 | D:9      | Noticed a death yak
  7333 | D:9      | Noticed a death yak
  7333 | D:9      | Noticed a death yak
  7338 | D:9      | Killed a death yak
  7338 | D:9      | Reached skill level 11 in Unarmed Combat
  7357 | D:8      | Killed a death yak
  7465 | D:9      | Found a staircase to the Orcish Mines.
  7659 | D:9      | Found a staircase to the Lair.
  7741 | D:9      | Noticed Linguinho's ghost (novice TrMo)
  7955 | D:8      | Killed a death yak
  7955 | D:8      | Reached skill level 12 in Unarmed Combat
  8131 | D:9      | Killed a death yak
  8137 | D:9      | Killed a death yak
  8145 | D:9      | Killed a death yak
  8145 | D:9      | Reached XP level 11. HP: 37/101 MP: 10/10
  8279 | D:8      | Killed a death yak
  8279 | D:8      | Reached skill level 13 in Unarmed Combat
  9147 | D:9      | Killed Linguinho's ghost
  9168 | Lair:1   | Entered Level 1 of the Lair of Beasts
  9206 | Lair:1   | Reached skill level 5 in Fighting
  9358 | Lair:1   | Noticed a five-headed hydra
  9383 | Lair:1   | HP: 3/102 [five-headed hydra (12)]
  9383 | Lair:1   | Mangled by a five-headed hydra

Skill      XL: |  1  2  3  4  5  6  7  8  9 10 11 |
---------------+----------------------------------+-----
Throwing       | 4 5 6 |  6.3
Unarmed Combat | 1 2 3 5 6 8 10 12 13 | 13.6
Dodging        | 2 3 4 5 6 |  6.9
Fighting       | 2 3 4 5 |  5.0
Stealth        | 1 |  1.1

Action                   |  1- 3 |  4- 6 |  7- 9 | 10-12 || total
-------------------------+-------+-------+-------+-------++-------
Melee: Short sword       |    59 |       |       |       ||    59
       Unarmed           |    51 |   135 |   448 |   165 ||   799
       Punch             |       |     2 |    12 |    11 ||    25
Throw: Large rock        |    12 |    10 |     8 |     4 ||    34
       Tomahawk          |       |       |    26 |     7 ||    33
  Use: Potion            |       |       |     1 |       ||     1
       Scroll            |       |       |       |    14 ||    14
 Stab: Sleeping          |     1 |       |       |       ||     1
  Eat: Chunk             |    18 |    10 |    39 |    17 ||    84
       Fruit             |       |       |       |     6 ||     6
       Royal jelly       |       |       |       |     1 ||     1
Armor: Robe              |    46 |    38 |   127 |    22 ||   233
Dodge: Dodged            |    54 |    55 |   261 |    83 ||   453
